groovejumper, neutral female human Wizard --------------- |.............-# |.............|# -------- -+-|---|-------# +.....<| ###### # |......| # # a +......| #0#########@#######0 ## -#-.--#- # -.-------------- # # # ------ |........_......####### # ##.....-######|.........[....| # # ## |....| #-.........>.....# ### --|------- |....| ---------------- # |)....#..| |....| ##.........| |....| |........| |....| ---------- ------ groovejumper the Thaumaturge Experience level: 6 Strength: 14 Dexterity: 10 Constitution: 14 Intelligence: 18 Wisdom: 9 Charisma: 15 Health: 0(46) Energy: 40(45) AC: 9 Gold: 639 Moves: 2460 Your Inventory: Coins $ - 639 gold pieces Weapons a - a blessed +1 quarterstaff (weapon in hands) Armor b - an uncursed +0 cloak of magic resistance (being worn) Comestibles q - an uncursed lichen corpse H - an [uncursed] food ration I - an [uncursed] avacado J - an [uncursed] carrot Scrolls i - an uncursed scroll of food detection j - an uncursed scroll of punishment F - an [uncursed] scroll labeled KERNOD WEL [of magic mapping] K - an [uncursed] scroll of identify L - a [blessed] unlabeled scroll [of blank paper] P - an [uncursed] scroll labeled FOOBIE BLETCH [of flood] Spellbooks l - a blessed spellbook of force bolt m - an uncursed spellbook of cause fear Potions f - an uncursed potion of confusion g - an uncursed potion of gain energy h - an uncursed potion of extra healing N - a [cursed] emerald potion [of monster detection] O - an [uncursed] black potion [of sickness] Rings d - an uncursed ring of polymorph e - an uncursed ring of invisibility s - an uncursed ring of cold resistance w - an uncursed ring of free action x - an uncursed ring of stealth y - an [uncursed] ring of cold resistance z - an uncursed ring of shock resistance A - a blessed -3 ring of increase damage C - an uncursed +2 ring of gain constitution Wands c - a blessed wand of cancellation (0:8) Tools M - an [uncursed] blindfold Gems B - an [uncursed] orange gem [worthless glass] Spells known in the end: Name Level Category Fail Memory a - force bolt 1 attack 0% [||||||||] b - cause fear 3 enchantment 0% [||||||||] Your skills at the end: Fighting Skills Weapon Skills quarterstaff [Basic / Expert] Spellcasting Skills attack spells [Basic / Expert] enchantment spells [Basic / Skilled] Final Attributes: You were piously aligned. Hunger level was 368. Your alignment was 22 / 22. Monster difficulty range was 1 - 6. Level difficulty was 6. You were magic-protected. You were unlucky (-1). You are dead. Vanquished creatures: a leprechaun a wood nymph 2 rock piercers a gnome lord a paper golem 2 giant bats 4 dwarf zombies 3 coyotes 2 hobgoblins a yellow mold 2 gnome zombies 3 geckos 6 jackals 4 goblins 2 lichens 3 kobold zombies 4 newts 42 creatures vanquished. Voluntary challenges: You were an atheist. You followed a strict vegan diet. You used a wielded weapon 38 times. You read items or engraved 2 times. You put on armor 1 time. You never genocided any monsters. You never polymorphed an object. You never changed form. You used no wishes. You never wrote Elbereth's name. You encountered 1 bones level. You never used any Sokoban shortcuts. Dungeon overview: The Dungeons of Doom: levels 1 to 6 Level 1 a fountain a long staircase Level 2 an altar, a fountain Level 3 a jewelry store Level 4 a fountain a long staircase Level 6 <- You were here a sink History has recorded: On T:1 you entered the Dungeons of Doom to retrieve the Amulet of Yendor! On T:348 you advanced to experience level 2. On T:412 you reached level 2 of The Dungeons of Doom. On T:498 you advanced to experience level 3. On T:663 you reached level 3 of The Dungeons of Doom. On T:899 you advanced to experience level 4. On T:1553 you reached level 4 of The Dungeons of Doom. On T:1830 you advanced to experience level 5. On T:1944 you reached level 5 of The Dungeons of Doom. On T:2273 you advanced to experience level 6. On T:2338 you reached level 6 of The Dungeons of Doom. Latest messages: [HP+1=42] With great effort you move the boulder. [HP+1=43] [HP+1=44] [HP+1=45] Hit points restored. [HP+1=46] You hear a gurgling noise. You hear some noises in the distance. You feel tough! You must be leading a healthy life-style. The soldier ant bites! The soldier ant stings! The soldier ant bites! The soldier ant stings! [HP-28=18] You hit the soldier ant. The soldier ant bites! The soldier ant stings! [HP-14=4] The spell misses the soldier ant. The soldier ant bites! The soldier ant stings! You die... Final status: Goodbye groovejumper the Wizard... You died in The Dungeons of Doom on dungeon level 6 with 2112 points, and 639 pieces of gold, after 2460 moves. You were level 6 with a maximum of 46 hit points when you died.